 Dungeon Crawl Stone Soup version 0.31-a0-187-gba352fbbf7 (webtiles) character file.

Game seed: 8264633108100085952

18634 Gorgondantess the Zephyrmancer (level 12, -5/69 HPs)
             Began as a Tengu Air Elementalist on June 23, 2023.
             Was a Priest of Hepliaklqana.
             Slain by a reaper
             ... wielding a +2 scythe of freezing
              (6 damage)
             ... in an ice cave.
             The game lasted 00:49:01 (15539 turns).

Gorgondantess the Zephyrmancer (TeAE)              Turns: 15539, Time: 00:49:02

Health: -5/69      AC:  7    Str: 15    XL:     12   Next: 60%
Magic:  6/24       EV: 16    Int: 25    God:    Hepliaklqana [***...]
Gold:   230        SH:  0    Dex: 12    Spells: 2/26 levels left

rFire   . . .        y - staff of cold
rCold   + . .        (no shield)
rNeg    + . .        a - +0 troll leather armour
rPois   .            (helmet restricted)
rElec   .            v - +0 cloak
rCorr   .            w - +0 pair of gloves of Koocimmu {Regen+ Int+6 Dex-4 SInv}
SInv    +            (boots unavailable)
Will    .....        i - amulet of Vitality {RegenMP++ Regen++}
Stlth   ++           g - ring of positive energy
HPRegen 3.51/turn    W - +6 ring of strength
MPRegen 0.99/turn

%: no passive effects
@: flying quickly and evasively, quick
A: reduced essence, beak, talons 3, nimble flight, robust 1
a: Renounce Religion, Recall Ancestor, Ancestor Identity, Transference


You were in an ice cave.
You worshipped Hepliaklqana.
Hepliaklqana was most pleased with you.
You visited 2 branches of the dungeon, and saw 12 of its levels.
You also visited: Ice Cave.

You collected 543 gold pieces.
You spent 313 gold pieces at shops.

Inventory:

Hand Weapons
 C - a +2 scimitar of flaming
Missiles
 E - a curare-tipped dart
Armour
 a - a +0 troll leather armour (worn)
 v - a +0 cloak (worn)
 w - the +0 pair of gloves of Koocimmu (worn) {Regen+ Int+6 Dex-4 SInv}
   (You bought it in a shop on level 8 of the Dungeon)

   Int:       It affects your intelligence (+6).
   Dex:       It affects your dexterity (-4).
   SInv:      It lets you see invisible.
   Regen:     It increases your rate of health regeneration.
Magical Staves
 y - a staff of cold (weapon)
 R - a staff of conjuration
Jewellery
 g - a ring of positive energy (left hand)
 i - the amulet of Vitality (around neck) {RegenMP++ Regen++}
   (You found it on level 8 of the Dungeon)

   [amulet of magic regeneration]

   It increases your rate of magic regeneration.
   Regen:     It increases your rate of health regeneration.
 o - a ring of positive energy
 W - a +6 ring of strength (right hand)
Wands
 d - a wand of light (4)
 q - a wand of roots (15)
 I - a wand of polymorph (3)
 J - a wand of mindburst (18)
 N - a wand of digging (11)
 Q - a wand of charming (15)
Scrolls
 f - 2 scrolls of vulnerability
 l - a scroll of torment {unknown}
 m - 2 scrolls of fog {unknown}
 n - a scroll of enchant weapon {unknown}
 s - a scroll of blinking {unknown}
 u - 3 scrolls of enchant armour {unknown}
 x - 3 scrolls of immolation {unknown}
 z - 6 scrolls of teleportation {unknown}
 B - 2 scrolls of fear {unknown}
 D - 3 scrolls of poison {unknown}
 F - 2 scrolls of butterflies {unknown}
 S - 3 scrolls of noise {unknown}
 V - a scroll of revelation {unknown}
Potions
 b - a potion of magic
 e - 2 potions of mutation
 h - 2 potions of invisibility
 j - 3 potions of might
 k - 4 potions of lignification
 p - 3 potions of heal wounds
 t - 8 potions of degeneration
 A - 4 potions of curing
 G - a potion of resistance
 K - a potion of enlightenment {unknown}
 M - 2 potions of brilliance {unknown}
 O - a potion of ambrosia {unknown}
 T - a potion of cancellation {unknown}
 U - a potion of attraction {unknown}
 Y - a potion of berserk rage {unknown}


   Skills:
 + Level 5.9 Fighting
 + Level 3.0 Staves
 - Level 4.0 Armour
 + Level 6.2 Dodging
 - Level 2.0 Stealth
 + Level 7.6 Spellcasting
 * Level 10.4 Conjurations
 + Level 10.3 Summonings
 - Level 2.0 Ice Magic
 + Level 14.2 Air Magic
 + Level 3.3 Evocations


You had 2 spell levels left.
You knew the following spells:

 Your Spells              Type           Power      Damage    Failure   Level
a - Shock                 Conj/Air       100%       1d9       1%          1
b - Static Discharge      Conj/Air       100%       2-7/arc   1%          2
c - Airstrike             Air            34%        2d(5-21)  1%          4
d - Arcjolt               Conj/Air       31%        1d41      1%          5
e - Call Imp              Summ           100%       N/A       1%          2
f - Mephitic Cloud        Conj/Pois/Air  50%        N/A       1%          3
g - Summon Ice Beast      Ice/Summ       57%        N/A       6%          4
p - Swiftness             Air            69%        N/A       1%          3

Your spell library contained the following spells:

 Spells                   Type           Power      Damage    Failure   Level
 Magic Dart               Conj           100%       1d8       1%          1
 Sublimation of Blood     Necr           9%         N/A       12%         2
 Wereblood                Tmut           9%         N/A       12%         2
 Vhi's Electric Charge    Tloc/Air       90%        N/A       1%          3
 Frozen Ramparts          Ice            58%        1d9       11%         3
 Tukima's Dance           Hex            9%         N/A       24%         3
 Ice Form                 Ice/Tmut       21%        N/A       45%         4
 Plasma Beam              Fire/Air       22%        2x1d34    54%         6
 Passage of Golubria      Tloc           9%         N/A       61%         4
 Summon Hydra             Summ           28%        N/A       67%         7
 Alistair's Intoxication  Tmut/Pois      6%         N/A       91%         5
 Borgnjor's Vile Clutch   Necr/Erth      4%         N/A       91%         5
 Yara's Violent Unravell  Hex/Tmut       4%         3d4       91%         5
 Eringya's Noxious Bog    Tmut/Pois      4%         N/A       100%        6


Dungeon Overview and Level Annotations

Branches:
Dungeon (11/15)            Temple (1/1) D:5            Lair (0/5) D:10
    Orc (0/2) D:9           IceCv (1/1)

Altars:
Ashenzari
Cheibriados
Dithmenos
Elyvilon
Fedhas
Gozag
Hepliaklqana
Kikubaaqudgha
Makhleb
Nemelex Xobeh
Okawaru
Qazlal
Ru
Sif Muna
Trog
Uskayaw
Vehumet
Wu Jian
Xom
Yredelemnul
Zin
The Shining One

Shops:
D:8 [


Innate Abilities, Weirdness & Mutations

Your life essence is reduced to manifest your ancestor. (-10% HP)
You have a beak for a mouth.
You have claws for feet.
Your magical nature lets you fly swiftly and evasively.
You are robust. (+10% HP)


Message History

Confirm with . or Enter, or press ? or * to list all spells.
Aiming: Airstrike (safe; 1% risk of failure)
Press: ? - help, Dir - move target, f - reaper
Aim: a reaper, wielding a +2 scythe of freezing (severely wounded, ally target, empty space bonus: 5/8)
The air twists around and strikes the reaper.
The reaper is severely wounded.
The reaper hits Octavia with a +2 scythe of freezing!!
The reaper freezes Octavia.
Casting: Airstrike (safe; 1% risk of failure)
Confirm with . or Enter, or press ? or * to list all spells.
Aiming: Airstrike (safe; 1% risk of failure)
Press: ? - help, Dir - move target, f/p - reaper
Aim: a reaper, wielding a +2 scythe of freezing (severely wounded, ally target, empty space bonus: 5/8)
The air twists around and strikes the reaper!
The reaper is almost dead.
Octavia hits the reaper with a +0 flail.
The reaper hits Octavia with a +2 scythe of freezing!!!
The reaper freezes Octavia.
Octavia is destroyed!
Okay, then.
Casting: Airstrike (safe; 1% risk of failure)
Confirm with . or Enter, or press ? or * to list all spells.
Aiming: Airstrike (safe; 1% risk of failure)
Press: ? - help, Dir - move target, f/p - reaper
Aim: a reaper, wielding a +2 scythe of freezing (almost dead, empty space bonus: 6/8)
The air twists around and strikes the reaper.
The reaper is almost dead.
Unknown command.
Casting: Airstrike (safe; 1% risk of failure)
Confirm with . or Enter, or press ? or * to list all spells.
Aiming: Airstrike (safe; 1% risk of failure)
Press: ? - help, Dir - move target, f/p - reaper
Aim: a reaper, wielding a +2 scythe of freezing (almost dead, empty space bonus: 6/8)
The air twists around and strikes the reaper!
The reaper is almost dead.
The reaper hits you from afar with a +2 scythe of freezing!!!
Ouch! That really hurt!
* * * LOW HITPOINT WARNING * * *
The reaper freezes you.
You die...

# #.# ####
.#+#+#.#+# #..
..#........ #.#
###.#.8.8.8.8
##.#)?)#.#........
#@.2.⌠.#.+........
##.#).:#.#........
#.#####.#.8.8.8.8
#.......#........
######8.#+#'#.#'#
##.# #.#.#.#
#.#####'###
#.'........
###########


You could see a reaper.

Vanquished Creatures
  A boulder beetle (D:7)
  2 deep trolls (D:8)
  Pikel (D:7)
  A manticore (D:7)
  A cyclops (D:11)
  4 kobold demonologists (D:10)
  An unseen horror (D:7)
  4 ice devils (IceCv)
  An anaconda simulacrum (IceCv)
  A polar bear (D:8)
  3 trolls
  Prince Ribbit (D:7)
  Sigmund (D:2)
  2 shadows
  2 dire elephant simulacra (IceCv)
  6 yaks
  An unseen horror simulacrum (D:8)
  A steam dragon (D:7)
  Edmund (D:4)
  An acid dragon (D:10)
  3 wargs (D:10)
  A hydra simulacrum (IceCv)
  Duvessa (D:7)
  3 water moccasins
  2 orc warriors
  5 ice beasts
  A swamp drake (D:9)
  2 ogres
  7 centaurs
  2 lemures
  A phantom (D:6)
  3 kobold brigands
  A gnoll sergeant (D:9)
  A bullfrog (D:8)
  3 scorpions
  A two-headed ogre simulacrum (D:11)
  3 wights (D:10)
  Dowan (D:7)
  18 killer bees
  An elephant simulacrum (IceCv)
  2 electric eels (D:8)
  2 howler monkeys
  A jelly (D:4)
  9 orc priests
  A hound (D:5)
  3 gnoll boudas
  5 iguanas
  2 sleepcaps
  5 orc wizards
  A spriggan simulacrum (D:11)
  A troll simulacrum (D:11)
  24 gnolls
  6 adders
  4 white imps
  A howler monkey simulacrum (D:8)
  An ufetubus (D:5)
  3 worms
  2 dart slugs
  26 orcs
  2 bats (D:1)
  6 endoplasms
  4 giant cockroaches
  8 goblins
  9 hobgoblins
  4 quokkas
  9 ball pythons
  A frilled lizard (D:1)
  13 kobolds
  2 rats (D:1)
253 creatures vanquished.

Vanquished Creatures (collateral kills)
  Erica (D:8)
  A deep troll (D:8)
  An ugly thing (D:10)
  2 ice statues (IceCv)
  A hornet (D:8)
  A shadow (D:8)
  A slime creature (D:7)
  2 wyverns (D:9)
  2 wraiths (D:7)
  An unseen horror simulacrum (D:8)
  A vampire mosquito (D:7)
  An orc warrior (D:9)
  A sky beast (D:7)
  2 ice beasts (D:8)
  A gnoll sergeant (D:6)
  A two-headed ogre simulacrum (IceCv)
  10 killer bees
  A howler monkey (D:8)
  Crazy Yiuf (D:5)
  2 orc wizards (D:9)
  A spriggan simulacrum (D:11)
  5 gnolls (D:9)
  A white imp (D:8)
  3 orcs
  4 kobolds (D:9)
48 creatures vanquished.

Vanquished Creatures (others)
  Joseph (D:7)
  3 knights
  An orc wizard (D:7)
  2 ancestors (D:7)
  An orc (D:7)
8 creatures vanquished.

Grand Total: 309 creatures vanquished

Notes
Turn   | Place    | Note
-------+----------+-------------------------------------------
     0 | D:1      | Gorgondantess the Tengu Air Elementalist began the quest
                  | for the Orb.
     0 | D:1      | Reached XP level 1. HP: 10/10 MP: 4/4
   222 | D:1      | Reached XP level 2. HP: 15/15 MP: 3/6
   237 | D:1      | Learned a level 2 spell: Static Discharge
   817 | D:1      | Found a faded altar of an unknown god.
  1051 | D:2      | Reached XP level 3. HP: 19/19 MP: 4/7
  1130 | D:2      | Noticed Sigmund
  1532 | D:2      | Found a shimmering altar of Xom.
  2073 | D:3      | Reached XP level 4. HP: 24/24 MP: 1/9
  2089 | D:3      | Reached skill level 5 in Air Magic
  2681 | D:3      | Gained mutation: Your magical nature lets you fly swiftly
                  | and evasively. [Tengu growth]
  2681 | D:3      | Reached XP level 5. HP: 28/28 MP: 6/10
  3030 | D:4      | Learned a level 4 spell: Airstrike
  3182 | D:4      | Reached skill level 6 in Air Magic
  3385 | D:4      | Noticed an ogre
  3636 | D:4      | Reached skill level 1 in Armour
  3776 | D:4      | Reached XP level 6. HP: 32/32 MP: 5/11
  4521 | D:5      | Entered Level 5 of the Dungeon
  4525 | D:5      | Noticed an ice beast
  4532 | D:5      | Killed an ice beast
  4533 | D:5      | Reached skill level 7 in Air Magic
  4626 | D:5      | Found a staircase to the Ecumenical Temple.
  4633 | Temple   | Entered the Ecumenical Temple
  4738 | Temple   | Became a worshipper of Hepliaklqana the Forgotten
  4807 | D:5      | Found a broken altar of Ashenzari.
  4889 | D:5      | Reached XP level 7. HP: 28/36 MP: 2/12
  4973 | D:5      | Noticed Edmund
  5265 | D:5      | Reached skill level 8 in Air Magic
  5266 | D:5      | Gained mutation: You are robust. (+10% HP) [potion of
                  | mutation]
  5386 | D:5      | Learned a level 3 spell: Swiftness
  5584 | D:4      | Killed Edmund
  5585 | D:4      | Reached skill level 9 in Air Magic
  5585 | D:4      | Reached XP level 8. HP: 36/45 MP: 0/13
  6261 | D:5      | Noticed a yak
  6371 | D:5      | Found a hide-covered altar of Uskayaw.
  6386 | D:5      | Killed a yak
  6387 | D:5      | Reached skill level 10 in Air Magic
  6551 | D:5      | Learned a level 2 spell: Call Imp
  6788 | D:5      | Reached skill level 1 in Summonings
  6902 | D:5      | Found a runed translucent door.
  6903 | D:5      | Noticed Crazy Yiuf
  7061 | D:2      | Killed Sigmund
  7366 | D:6      | Reached * piety under Hepliaklqana
  7368 | D:6      | Reached XP level 9. HP: 45/45 MP: 11/16
  7452 | D:6      | Learned a level 3 spell: Mephitic Cloud
  7644 | D:6      | Identified the +1 scale mail "Mouppigh" {+Inv Str+3 Stlth+}
  7946 | D:7      | Reached skill level 11 in Air Magic
  8063 | D:7      | Noticed Duvessa
  8065 | D:7      | Noticed Dowan
  8067 | D:7      | Reached skill level 5 in Conjurations
  8087 | D:7      | Killed Dowan
  8325 | D:7      | Noticed Pikel
  8328 | D:7      | Killed Pikel
  8329 | D:7      | Reached skill level 5 in Spellcasting
  8565 | D:7      | Noticed Prince Ribbit
  8579 | D:7      | Killed Prince Ribbit
  8580 | D:7      | Reached skill level 5 in Summonings
  8725 | D:7      | Killed Duvessa
  8895 | D:7      | Reached ** piety under Hepliaklqana
  8896 | D:7      | Remembered your ancestor Octavia as a knight
  9063 | D:7      | Reached skill level 1 in Fighting
  9063 | D:7      | Noticed Joseph
  9075 | D:7      | Reached skill level 12 in Air Magic
  9264 | D:7      | Killed Joseph
  9265 | D:7      | Reached XP level 10. HP: 38/52 MP: 3/19
 10476 | D:7      | Learned a level 4 spell: Summon Ice Beast
 10554 | D:7      | Noticed a manticore
 10567 | D:7      | Killed a manticore
 10568 | D:7      | Reached skill level 1 in Ice Magic
 10695 | D:8      | Found Rirhyrr's Antique Armour Shop.
 10736 | D:8      | Bought a pair of encrusted gloves for 313 gold pieces
 10736 | D:8      | Identified the +0 pair of gloves of Koocimmu {Regen+ Int+6
                  | Dex-4 SInv} (You bought it in a shop on level 8 of the
                  | Dungeon)
 10950 | D:8      | Noticed Erica
 11151 | D:8      | Reached skill level 13 in Air Magic
 11172 | D:8      | Killed Erica
 11173 | D:8      | Reached XP level 11. HP: 39/60 MP: 2/21
 11719 | D:8      | Noticed a deep troll
 11729 | D:8      | Killed a deep troll
 11772 | D:8      | Noticed a deep troll
 11772 | D:8      | Noticed a deep troll
 11786 | D:8      | Killed a deep troll
 11789 | D:8      | Killed a deep troll
 11906 | D:8      | Found the amulet of Vitality {RegenMP++ Regen++}
 12180 | D:5      | Killed Crazy Yiuf
 12250 | D:7      | Noticed a boulder beetle
 12298 | D:7      | Killed a boulder beetle
 12312 | D:7      | Learned a level 5 spell: Arcjolt
 13134 | D:8      | Found Rirhyrr's Antique Armour Shop.
 13360 | D:9      | Reached skill level 5 in Dodging
 13360 | D:9      | Reached skill level 1 in Evocations
 13574 | D:9      | Found a staircase to the Orcish Mines.
 13627 | D:9      | Reached skill level 5 in Fighting
 14006 | D:9      | Found a radiant altar of Vehumet.
 14006 | D:9      | Found a blossoming altar of Fedhas.
 14006 | D:9      | Found a glowing golden altar of the Shining One.
 14007 | D:9      | Found an opulent altar of Gozag.
 14009 | D:9      | Found an ancient bone altar of Kikubaaqudgha.
 14010 | D:9      | Found a shadowy altar of Dithmenos.
 14113 | D:10     | Entered Level 10 of the Dungeon
 14162 | D:10     | Noticed a brown ugly thing
 14171 | D:10     | Killed a brown ugly thing
 14180 | D:10     | Reached XP level 12. HP: 68/68 MP: 12/23
 14180 | D:10     | Noticed a soul eater
 14182 | D:10     | Reached skill level 1 in Staves
 14332 | D:10     | Reached skill level 10 in Summonings
 14380 | D:10     | Found a staircase to the Lair.
 14384 | D:10     | Reached skill level 14 in Air Magic
 15104 | D:11     | Reached *** piety under Hepliaklqana
 15222 | D:11     | Found a frozen archway.
 15240 | D:11     | Reached skill level 10 in Conjurations
 15256 | IceCv    | Entered an ice cave
 15531 | IceCv    | Noticed a reaper
 15539 | IceCv    | HP: 1/69 [reaper/+2 scythe of freezing (41)]
 15539 | IceCv    | Slain by a reaper

Illustrated notes

Levels and vault maps discovered:
D:1:      minmay_arrival_hallway, layout_rooms,
          shapermc_ecumenical_altar_totnotflames
D:2:      layout_loops_cross, basic_altar, uniq_sigmund
D:3:      wad_lake_hut, layout_rooms, serial_park_tiny_pond
D:4:      layout_basic, kennysheep_generic_room_9
D:5:      layout_loops_cross, temple_green, hangedman_feature_mirror,
          kennysheep_boxes, uniq_crazy_yiuf_cottage, uniq_edmund
D:6:      layout_basic
D:7:      minmay_the_grid_triangle_9x9_rhombus_thin
          [minmay_the_grid_triangle_9x9_checkered,
          minmay_the_grid_triangle_9x9_prize_schism,
          minmay_the_grid_triangle_9x9_corruption,
          minmay_the_grid_triangle_9x9_wacky_v], layout_loops_ring,
          nrook_loot_triangle, uniq_duvessa, uniq_pikel, uniq_prince_ribbit1,
          uniq_joseph
D:8:      layout_rooms, serial_shops, shop, serial_ice, serial_ice_m,
          serial_ice_e, serial_ice_k, serial_ice_a, serial_ice_g, serial_ice_f,
          serial_ice_c, serial_ice_h,
          hellmonk_guarded_unrand_vitality_bloodlust, uniq_erica
D:9:      layout_loops_cross, minitemple, erik_orc_1,
          chequers_serial_rivers_room_b
D:10:     layout_basic, erik_lair_orcish_takeover
D:11:     layout_layer_cave, portal_ice_cave_entry_ice_simulacra,
          serial_park_tiny_1, minivault_13, uniq_sonja
Temple:   nicolae_temple_elliptical
IceCv:    ice_cave_tombish

Skill      XL: |  1  2  3  4  5  6  7  8  9 10 11 12 |
---------------+-------------------------------------+-----
Conjurations   | 2 3 4 6 7 9 10 | 10.4
Air Magic      | 5 6 7 9 10 12 13 14 | 14.2
Spellcasting   | 3 4 5 6 7 |  7.6
Armour         | 1 2 3 4 |  4.0
Dodging        | 3 4 5 6 |  6.2
Summonings     | 2 5 8 9 10 | 10.3
Fighting       | 1 3 5 |  5.9
Ice Magic      | 2 |  2.0
Evocations     | 2 3 |  3.3
Staves         | 3 |  3.0
Stealth        | |  2.0

Action                     |  1- 3 |  4- 6 |  7- 9 | 10-12 || total
---------------------------+-------+-------+-------+-------++-------
  Melee: Unarmed           |     7 |       |       |       ||     7
         Kick              |     4 |     4 |    20 |    32 ||    60
         Short sword       |     1 |     2 |       |       ||     3
         Spear             |       |     4 |       |       ||     4
         Rapier            |       |     3 |     9 |       ||    12
         Peck              |       |     2 |    22 |    17 ||    41
         Flail             |       |       |    39 |       ||    39
         Whip              |       |       |    17 |    27 ||    44
         Punch             |       |       |     4 |     3 ||     7
         Staff             |       |       |       |    89 ||    89
   Fire: Shortbow          |       |       |       |    27 ||    27
   Cast: Shock             |    77 |   113 |    43 |    10 ||   243
         Static Discharge  |     1 |    21 |    33 |     7 ||    62
         Airstrike         |       |       |    53 |   135 ||   188
         Mephitic Cloud    |       |       |     9 |    19 ||    28
         Swiftness         |       |       |     2 |     4 ||     6
         Call Imp          |       |       |     1 |     1 ||     2
         Arcjolt           |       |       |       |    41 ||    41
         Summon Ice Beast  |       |       |       |     4 ||     4
 Invoke: Ancestor Life: Kn |       |       |     1 |       ||     1
         Recall Ancestor   |       |       |       |     9 ||     9
    Use: Potion            |       |       |     2 |     4 ||     6
         Scroll            |       |       |     3 |     4 ||     7
   Stab: Confused          |       |       |     1 |     6 ||     7
         Sleeping          |       |       |     1 |       ||     1
         Invisible         |       |       |       |     1 ||     1
 Armour: Robe              |     2 |       |       |       ||     2
         Leather armour    |       |     6 |    15 |     7 ||    28
         Troll leather arm |       |       |       |    55 ||    55
  Dodge: Dodged            |    17 |    22 |   101 |   165 ||   305

Table legend: (Time is in decaauts)
 A = Elapsed time spent in this place.
 B = Non-inter-level travel time spent in this place.
 C = Inter-level travel time spent in this place.
 D = Time resting spent in this place.
 E = Time spent auto-exploring this place.
 F = Levels seen in this place.
 G = Mean time per level.
                   A        B        C        D        E       F      G
               +--------+--------+--------+--------+--------+-----+--------+
         Total |  14876 |  13911 |    965 |   1985 |   9206 |  13 | 1144.3 |
       Dungeon |  14461 |  13501 |    960 |   1926 |   9009 |  11 | 1314.6 |
        Temple |    142 |    137 |      5 |      0 |    118 |   1 |  142.0 |
      Ice Cave |    273 |    273 |      0 |     59 |     77 |   1 |  273.0 |
               +--------+--------+--------+--------+--------+-----+--------+

Top non-repeatable levels by time:
     D:7: 2891 daAuts
     D:4: 1951 daAuts
     D:5: 1831 daAuts
     D:8: 1515 daAuts
     D:6: 1317 daAuts
     D:2: 1179 daAuts
     D:3: 1064 daAuts
     D:1: 913 daAuts
    D:10: 873 daAuts
     D:9: 782 daAuts
   IceCv: 273 daAuts
  Temple: 142 daAuts
    D:11: 140 daAuts
